 Dungeon Crawl Stone Soup version 0.30-a0-242-g7bf8e6d787 (webtiles) character file.

Game seed: 1918119864769674886

42 koil the Sneak (level 3, 0/16 HPs)
             Began as a Spriggan Enchanter on Oct 11, 2022.
             Slain by Crazy Yiuf
             ... wielding a +4 quarterstaff of chaos
              (16 damage)
             ... on level 2 of the Dungeon.
             The game lasted 00:02:19 (1277 turns).

koil the Sneak (Spriggan Enchanter)                 Turns: 1277, Time: 00:02:21

Health: 0/16       AC:  2    Str:  4    XL:     3   Next: 35%
Magic:  7/9        EV: 17    Int: 16    God:
Gold:   102        SH:  0    Dex: 17    Spells: 7/9 levels left

rFire   . . .      SeeInvis +    a - +1 dagger
rCold   . . .      Faith    .    (no shield)
rNeg    . . .      Spirit   .    b - +0 robe
rPois   .          Reflect  .    (helmet restricted)
rElec   .          Harm     .    (no cloak)
rCorr   .          Rampage  .    (gloves unavailable)
Will    .....                    (boots unavailable)
Stlth   +++.......               (no amulet)
HPRegen 0.22/turn                (no ring)
MPRegen 0.11/turn                (no ring)

@: very quick
A: very small, no large weapons, unfitting armour, see invisible, speed 3
a: no special abilities


You were on level 2 of the Dungeon.
You visited 1 branch of the dungeon, and saw 2 of its levels.

You collected 102 gold pieces.

Inventory:

Hand Weapons
 a - a +1 dagger (weapon)
 i - a +0 hand axe of electrocution
Armour
 b - a +0 robe (worn)
Jewellery
 h - a +6 ring of intelligence
Scrolls
 d - a scroll of teleportation {unknown}
 j - a scroll of noise {unknown}
 k - a scroll of summoning {unknown}
 m - a scroll of identify {unknown}
Potions
 c - 2 potions of invisibility
 e - a potion of ambrosia {unknown}
 f - a potion of might {unknown}
 g - a potion of curing {unknown}
 l - a potion of berserk rage {unknown}
 n - a potion of heal wounds {unknown}


   Skills:
 + Level 0.1 Fighting
 + Level 1.5 Short Blades
 + Level 2.7 Dodging
 + Level 5.4 Stealth
 + Level 3.7 Spellcasting
 + Level 3.8 Hexes


You had 7 spell levels left.
You knew the following spells:

 Your Spells              Type           Power      Damage    Failure   Level
a - Ensorcelled Hibernat  Hex/Ice        18%        N/A       12%         2

Your spell library contained the following spells:

 Spells                   Type           Power      Damage    Failure   Level
 Confusing Touch          Hex            15%        N/A       11%         3
 Tukima's Dance           Hex            15%        N/A       11%         3
 Dazzling Flash           Conj/Hex       18%        N/A       24%         3


Dungeon Overview and Level Annotations

Branches:
Dungeon (2/15)

Altars:

Annotations:
D:2 Crazy Yiuf


Innate Abilities, Weirdness & Mutations

You are very small and have problems with some larger weapons.
You are too small for most types of armour.
You have supernaturally acute eyesight. (SInv)
You cover ground extremely quickly. (Speed+++)


Message History

Confirm with . or Enter, or press ? or * to list all spells.
Aiming: Ensorcelled Hibernation (safe; 12% risk of failure)
Press: ? - help, Shift-Dir - straight line, f - quokka
Aim: a quokka (chance to affect: 61%)
The quokka looks drowsy...
The helpless quokka fails to defend itself.
You impale the quokka!!
You kill the quokka!
Magic restored.
n - a lumpy ruby potion
Found a flail.
You see here a +0 flail.
A goblin comes into view. It is wielding a +0 club.
The goblin shouts!
The goblin unwields a +0 club.
The goblin wields a +0 sling.
The goblin shoots a sling bullet.
The sling bullet barely misses you.
The goblin shoots a sling bullet.
The sling bullet completely misses you.
You barely miss the goblin.
The goblin unwields a +0 sling.
The goblin wields a +0 club.
The goblin hits you with a +0 club.
You barely miss the goblin. The goblin hits you with a +0 club.
You hit the goblin. You punch the goblin, but do no damage.
The goblin is severely wounded.
The goblin hits you but does no damage.
You hit the goblin.
You kill the goblin!
No target in view!
No target in view!
Found a runed translucent door.
You open the door.
There is an open translucent door here.
Crazy Yiuf shouts!
Casting: Ensorcelled Hibernation (safe; 12% risk of failure)
Confirm with . or Enter, or press ? or * to list all spells.
Aiming: Ensorcelled Hibernation (safe; 12% risk of failure)
Press: ? - help, Shift-Dir - straight line, f - Crazy Yiuf
Aim: Crazy Yiuf, wielding a +4 quarterstaff of chaos and wearing a +0 cloak (chance to affect: 51%) Crazy Yiuf resists with significant effort.
Crazy Yiuf hits you with a +4 quarterstaff of chaos!
Ouch! That really hurt!
You die...

..##.#..##.##.####...########
.....#........# #...# #.#
#.###.#### #...# ####.
###.###### ### ###.# #....
......# #.# #.##. ......# #.#
#.##. .##.###### #####
#.######.##. .##.#....##
###..)# #......#<# #
.##.......####.'@g.#
#.####.#.###
.####......#..##...#
#.####.#.)..
.#####....#.########
#<..##...... ..)...#######
#.#.##..#### #######
#.#.##..#### ####
######..........# #..#
#..##.##.###.##.#
#..####........# #.....
#.......#.....## #.....


You could see Crazy Yiuf.

Vanquished Creatures
  2 adders (D:2)
  A worm (D:2)
  5 endoplasms
  2 hobgoblins (D:2)
  2 jackals (D:2)
  A quokka (D:2)
  A ball python (D:2)
  2 goblins
  3 kobolds
  3 rats
22 creatures vanquished.

Notes
Turn   | Place    | Note
-------+----------+-------------------------------------------
     0 | D:1      | koil the Spriggan Enchanter began the quest for the Orb.
     0 | D:1      | Reached XP level 1. HP: 9/9 MP: 5/5
   259 | D:1      | Reached skill level 5 in Stealth
   670 | D:2      | Reached XP level 2. HP: 11/13 MP: 6/6
   673 | D:2      | Learned a level 2 spell: Ensorcelled Hibernation
   891 | D:2      | Reached XP level 3. HP: 16/16 MP: 9/9
  1270 | D:2      | Found a runed translucent door.
  1271 | D:2      | Noticed Crazy Yiuf
  1277 | D:2      | Slain by Crazy Yiuf

Illustrated notes

Levels and vault maps discovered:
D:1:      minmay_arrival_cross, layout_loops_ring
D:2:      layout_loops_cross, uniq_crazy_yiuf_cottage

Skill      XL: |  1  2 |
---------------+-------+-----
Stealth        | 5 |  5.4
Spellcasting   | 3 |  3.7
Fighting       | |  0.1
Short Blades   | |  1.5
Dodging        | |  2.7
Hexes          | |  3.8

Action                   || total
-------------------------++-------
Melee: Dagger            ||    72
       Punch             ||     3
 Cast: Ensorcelled Hiber ||     5
 Stab: Sleeping          ||    14
Armor: Robe              ||     3
Dodge: Dodged            ||    45

Table legend: (Time is in decaauts)
 A = Elapsed time spent in this place.
 B = Non-inter-level travel time spent in this place.
 C = Inter-level travel time spent in this place.
 D = Time resting spent in this place.
 E = Time spent auto-exploring this place.
 F = Levels seen in this place.
 G = Mean time per level.
                   A        B        C        D        E       F      G
               +--------+--------+--------+--------+--------+-----+--------+
         Total |    892 |    870 |     22 |     98 |    618 |   2 |  446.0 |
       Dungeon |    892 |    870 |     22 |     98 |    618 |   2 |  446.0 |
               +--------+--------+--------+--------+--------+-----+--------+

Top non-repeatable levels by time:
     D:2: 495 daAuts
     D:1: 397 daAuts
